Knights vs Harfangs
Created - November 10, 2018 at 23:06
Goals
|
| Knights |
0 |
1 |
1 |
2 |
| Harfangs |
2 |
2 |
2 |
6 |
|
Shots
|
| Knights |
9 |
10 |
4 |
23 |
| Harfangs |
16 |
7 |
15 |
38 |
|
1st period
1. Harfangs , Jimmy Hayes 8 (Cody Eakin 7, Andreas Martinsen 3) at 13:56
2. Harfangs , Colton Sissons 1 (Rinat Valiev 2) at 17:32
Penalties :
Matthew Benning (Lon) for Delaying the game (Minor) at 1:50, Blake Heinrich (BEA) for Holding Stick (Minor) at 9:19, Jared Spurgeon (Lon) for Roughing (Minor) at 19:52
2nd period
3. Knights , Noel Acciari 4 (Josh Bailey 1) at 6:31
4. Harfangs , Andreas Martinsen 2 (Victor Bartley 4) at 11:54
5. Harfangs , Jimmy Hayes 9 (Victor Bartley 5) at 15:54
Penalties :
Miro Aaltonen (Lon) for Holding (Minor) at 6:53, Valentin Zykov (Lon) for High sticking (Minor) at 16:23
3rd period
6. Knights , Noel Acciari 5 (Valentin Zykov 3, Josh Bailey 2) at 4:49
7. Harfangs , Dylan Olsen 5 (Colton Sissons 1, Jujhar Khaira 3) at 9:38
8. Harfangs , Brendan Leipsic 1 (Colton Sissons 2, Blake Heinrich 1) at 12:19
Penalties :
Victor Bartley (BEA) for Hooking (Minor) at 0:05, Brendan Leipsic (BEA) for Slashing (Minor) at 14:24, Brenden Kichton (BEA) for Roughing (Minor) at 19:19
Goalie Stats
Ben Scrivens (Lon), 32 saves from 38 shots - (0.842), L, 4-3-1, 60:00 minutes
Zachary Fucale (BEA), 21 saves from 23 shots - (0.913), W, 2-1-0, 60:00 minutes
Players Stats for Knights
Player Name G A P +/- PIM S H SB GA TA FO MP PP MP PK MP
------------------------------------------------------------------------------------
A.J. Jenks 0 0 0 -3 0 0 1 0 1 0 0/0 8:42 0:00 0:00
Brendan Gaunce 0 0 0 -3 0 0 0 0 1 0 2/3 9:06 0:00 0:24
Collin Miller 0 0 0 0 0 0 0 2 0 0 0/0 15:45 2:36 0:38
Jaccob Slavin 0 0 0 -1 0 1 1 2 0 0 0/0 23:29 4:01 4:11
Jared Spurgeon 0 0 0 -4 2 2 0 0 1 0 0/0 26:27 4:01 3:07
Jonathan Drouin 0 0 0 0 0 1 1 0 0 0 1/1 11:33 3:16 0:00
Jordan Martinook 0 0 0 0 0 2 2 1 0 0 0/0 10:11 0:00 1:52
Josh Bailey 0 2 2 -1 0 1 2 0 0 0 1/2 16:00 3:16 0:00
Linden Vey 0 0 0 0 0 3 1 0 1 0 2/5 15:36 3:16 3:59
Matthew Benning 0 0 0 0 2 0 0 1 0 0 0/0 12:09 0:00 0:00
Michael Matheson 0 0 0 -3 0 1 0 0 0 0 0/0 24:07 2:36 3:29
Michael Raffl 0 0 0 0 0 3 0 0 0 1 0/0 22:41 3:21 3:59
Miro Aaltonen 0 0 0 0 2 1 0 0 0 0 14/30 18:41 3:21 0:00
Noel Acciari 2 0 2 -1 0 2 0 0 1 1 7/10 16:40 0:00 3:33
Pavel Buchnevich 0 0 0 0 0 2 1 1 1 0 0/0 18:45 3:21 0:00
Tom Wilson 0 0 0 -3 0 0 1 0 1 0 0/0 11:01 0:00 2:05
Valentin Zykov 0 1 1 -1 2 2 0 0 0 0 0/1 13:05 0:00 0:00
Zach Trotman 0 0 0 0 0 2 1 1 0 0 0/0 18:02 0:00 4:27
Players Stats for Harfangs
Player Name G A P +/- PIM S H SB GA TA FO MP PP MP PK MP
------------------------------------------------------------------------------------
Andreas Martinsen 1 1 2 2 0 4 1 1 1 0 0/2 19:34 4:14 0:45
Blake Heinrich 0 1 1 2 2 1 1 0 0 0 0/0 11:31 0:00 0:00
Boone Jenner 0 0 0 0 0 1 1 0 0 1 1/1 10:15 0:08 0:02
Brandon Pirri 0 0 0 0 0 1 1 0 0 0 0/1 11:27 0:06 1:51
Brandon Saad 0 0 0 -1 0 2 2 0 0 0 0/1 16:12 3:36 0:00
Brendan Leipsic 1 0 1 3 2 3 0 0 0 0 0/0 8:45 0:00 0:00
Brenden Kichton 0 0 0 -1 2 2 0 0 0 2 0/0 21:50 3:12 2:29
Calle Jarnkrok 0 0 0 -1 0 1 1 0 0 0 5/11 16:12 3:36 0:00
Cody Eakin 0 1 1 2 0 6 1 0 0 0 16/29 22:16 4:14 3:50
Colton Sissons 1 2 3 3 0 3 4 0 0 0 2/3 8:49 0:06 0:00
Dylan Olsen 1 0 1 3 0 2 3 1 0 0 0/0 26:44 4:44 3:51
Jimmy Hayes 2 0 2 2 0 8 3 0 1 1 1/4 22:26 4:12 3:39
Jujhar Khaira 0 1 1 0 0 0 1 0 0 0 0/0 10:58 0:00 1:16
Nick Sorensen 0 0 0 3 0 0 1 0 0 0 0/0 8:01 0:00 0:00
Reid McNeill 0 0 0 -1 0 1 0 0 0 1 0/0 22:07 3:12 2:46
Rinat Valiev 0 1 1 2 0 0 0 0 0 0 0/0 12:24 0:00 1:26
Tomas Kubalik 0 0 0 -1 0 3 3 0 0 0 0/0 18:03 3:36 1:51
Victor Bartley 0 2 2 3 2 0 0 1 0 2 0/0 25:45 4:44 2:42
3 Stars
1 - Colton Sissons (BEA)
2 - Jimmy Hayes (BEA)
3 - Andreas Martinsen (BEA)
Power Play
Knights - 0 on 4 Attempt(s) - 0.00%
Harfangs - 0 on 4 Attempt(s) - 0.00%
Penalty Kill
Knights - 4 on 4 Attempt(s) - 100.00%
- Score 0 goal in Penalty Kill
Harfangs - 4 on 4 Attempt(s) - 100.00%
- Score 0 goal in Penalty Kill
Team Stat
Knights - Hits : 11 - Faceoff Wins : 27 - Blocked Shots : 8 - Penalty Minutes : 8
Harfangs - Hits : 23 - Faceoff Wins : 25 - Blocked Shots : 3 - Penalty Minutes : 8
Official
Referees : Unknown
Linesman : Unknown
Game Notes
No Game Note
Finance
Level 1 -- Attendance: 1585 (79.25%) -- Ticket Income $53,890
Level 2 -- Attendance: 697 (69.70%) -- Ticket Income $13,243
Total Attendance: 2282 (76.07%)
Total Ticket Income: $67,133
Other Income: $3,357
Total Income: $70,490
Knights
5 vs 5 Forward
Center Left Wing Right Wing Time % Phy DF OF
1 Miro Aaltonen Michael Raffl Pavel Buchnevich 38 1 1 3
2 Noel Acciari Valentin Zykov Josh Bailey 30 1 1 3
3 Jonathan Drouin Jordan Martinook Linden Vey 16 1 1 3
4 Brendan Gaunce A.J. Jenks Tom Wilson 16 2 1 2
5 vs 5 Defense
Defense Defense Time % Phy DF OF
1 Michael Matheson Jared Spurgeon 40 1 2 2
2 Zach Trotman Jaccob Slavin 30 1 1 3
3 Matthew Benning Collin Miller 20 1 2 2
4 Jared Spurgeon Jaccob Slavin 10 1 2 2
PowerPlay Forward
Center Left Wing Right Wing Time % Phy DF OF
1 Miro Aaltonen Michael Raffl Pavel Buchnevich 60 1 1 3
2 Jonathan Drouin Linden Vey Josh Bailey 40 1 1 3
PowerPlay Defense
Defense Defense Time % Phy DF OF
1 Jaccob Slavin Jared Spurgeon 60 0 1 4
2 Collin Miller Michael Matheson 40 0 1 4
Penalty Kill 4 Players Forward
Center Wing Time % Phy DF OF
1 Linden Vey Michael Raffl 60 1 3 1
2 Noel Acciari Tom Wilson 40 1 3 1
Penalty Kill 4 Players Defense
Defense Defense Time % Phy DF OF
1 Jared Spurgeon Zach Trotman 60 1 3 1
2 Jaccob Slavin Michael Matheson 40 1 3 1
Penalty Kill - 3 Players Forward
Forward Time % Phy DF OF
1 Michael Raffl 60 0 4 1
2 Linden Vey 40 0 4 1
Penalty Kill - 3 Players Defense
Defense Defense Time % Phy DF OF
1 Zach Trotman Jared Spurgeon 60 1 3 1
2 Michael Matheson Jaccob Slavin 40 1 3 1
4 vs 4 Forward
Center Wing Time % Phy DF OF
1 Miro Aaltonen Michael Raffl 60 1 2 2
2 Noel Acciari Josh Bailey 40 1 2 2
4 vs 4 Defense
Defense Defense Time % Phy DF OF
1 Jared Spurgeon Jaccob Slavin 60 1 2 2
2 Michael Matheson Collin Miller 40 1 2 2
Last Minutes Offensive
Center Left Wing Right Wing Defense Defense
Miro Aaltonen Michael Raffl Pavel Buchnevich Jared Spurgeon Jaccob Slavin
Last Minutes Defensive
Center Left Wing Right Wing Defense Defense
Noel Acciari Michael Raffl Josh Bailey Jared Spurgeon Jaccob Slavin
Goaltenders
Starting : Ben Scrivens
Backup : Philippe Desrosiers
Extra Forwards
Normal : Tom Wilson, Linden Vey, Michael Raffl - PP : Tom Wilson, Michael Raffl - PK : Michael Raffl
Extra Defensemen
Normal : Jaccob Slavin, Jared Spurgeon, Michael Matheson - PP : Jaccob Slavin - PK : Jaccob Slavin, Jared Spurgeon
Penalty Shots
Michael Raffl, Noel Acciari, Pavel Buchnevich, Tom Wilson, Linden Vey
Scratches
Stefan Matteau (Healthy), Zach Nastasiuk (Healthy), Cody Bass (Healthy), Alan Quine (Healthy), Matt Puempel (Healthy)
David Shields (Healthy), Matt Grzelcyk (Healthy), Trevor Moore (Healthy), Scott Wilson (Healthy), Curtis Valk (Healthy)
Anthony Louis (Healthy), Ludwig Bystrom (Healthy), Brett Connolly (Healthy), Travis Boyd (Healthy), Anton Blidh (Healthy)
Andrei Mironov (Healthy), Connor Knapp (Healthy), Magnus Hellberg (Healthy), Eamon McAdam (Healthy), Ville Husso (Healthy)
Harfangs
5 vs 5 Forward
Center Left Wing Right Wing Time % Phy DF OF
1 Cody Eakin Andreas Martinsen Jimmy Hayes 40 1 2 2
2 Calle Jarnkrok Brandon Saad Tomas Kubalik 30 1 2 2
3 Boone Jenner Jujhar Khaira Brandon Pirri 20 1 2 2
4 Colton Sissons Brendan Leipsic Nick Sorensen 10 1 2 2
5 vs 5 Defense
Defense Defense Time % Phy DF OF
1 Victor Bartley Dylan Olsen 40 1 2 2
2 Reid McNeill Brenden Kichton 30 1 2 2
3 Blake Heinrich Rinat Valiev 20 1 2 2
4 Victor Bartley Dylan Olsen 10 1 2 2
PowerPlay Forward
Center Left Wing Right Wing Time % Phy DF OF
1 Cody Eakin Andreas Martinsen Jimmy Hayes 60 1 2 2
2 Calle Jarnkrok Brandon Saad Tomas Kubalik 40 1 2 2
PowerPlay Defense
Defense Defense Time % Phy DF OF
1 Victor Bartley Dylan Olsen 60 1 2 2
2 Reid McNeill Brenden Kichton 40 1 2 2
Penalty Kill 4 Players Forward
Center Wing Time % Phy DF OF
1 Cody Eakin Jimmy Hayes 60 1 2 2
2 Tomas Kubalik Brandon Pirri 40 1 2 2
Penalty Kill 4 Players Defense
Defense Defense Time % Phy DF OF
1 Victor Bartley Dylan Olsen 60 1 2 2
2 Reid McNeill Brenden Kichton 40 1 2 2
Penalty Kill - 3 Players Forward
Forward Time % Phy DF OF
1 Cody Eakin 60 1 2 2
2 Jimmy Hayes 40 1 2 2
Penalty Kill - 3 Players Defense
Defense Defense Time % Phy DF OF
1 Victor Bartley Dylan Olsen 60 1 2 2
2 Reid McNeill Brenden Kichton 40 1 2 2
4 vs 4 Forward
Center Wing Time % Phy DF OF
1 Cody Eakin Jimmy Hayes 60 1 2 2
2 Tomas Kubalik Brandon Pirri 40 1 2 2
4 vs 4 Defense
Defense Defense Time % Phy DF OF
1 Victor Bartley Dylan Olsen 60 1 2 2
2 Reid McNeill Brenden Kichton 40 1 2 2
Last Minutes Offensive
Center Left Wing Right Wing Defense Defense
Cody Eakin Andreas Martinsen Jimmy Hayes Victor Bartley Dylan Olsen
Last Minutes Defensive
Center Left Wing Right Wing Defense Defense
Cody Eakin Andreas Martinsen Jimmy Hayes Victor Bartley Dylan Olsen
Goaltenders
Starting : Zachary Fucale
Backup : Mark Visentin
Extra Forwards
Normal : Boone Jenner, Colton Sissons, Jujhar Khaira - PP : Boone Jenner, Colton Sissons - PK : Jujhar Khaira
Extra Defensemen
Normal : Blake Heinrich, Rinat Valiev, Reid McNeill - PP : Blake Heinrich - PK : Rinat Valiev, Reid McNeill
Penalty Shots
Cody Eakin, Jimmy Hayes, Tomas Kubalik, Brandon Pirri, Andreas Martinsen
Scratches
Cristoval Nieves (Healthy), Joel Armia (Healthy), Jake Dotchin (Healthy), John Macfarland (Healthy), Zac Leslie (Healthy)
Morgan Klimchuk (Healthy), Laurent Dauphin (Healthy), Mark Alt (Healthy), Steve McCarthy (Healthy), Dustin Jeffrey (Healthy)
Anton Forsberg (Healthy), Jason Kasdorf (Healthy), Scott Wedgewood (Healthy)
% Time on Ice - Knights
Lines # - Real PCT - Wanted PCT - Time Play
Normal Forward
1 - 34% - 38% - 15:29
2 - 29% - 30% - 13:05
3 - 18% - 16% - 8:11
4 - 19% - 16% - 8:42
Normal Defense
1 - 39% - 40% - 17:37
2 - 31% - 30% - 13:58
3 - 27% - 20% - 12:10
4 - 4% - 10% - 1:42
PP Forward
1 - 51% - 60% - 3:21
2 - 49% - 40% - 3:16
PP Defense
1 - 61% - 60% - 4:01
2 - 39% - 40% - 2:36
PK Forward
1 - 74% - 60% - 5:51
2 - 26% - 40% - 2:05
PK Defense
1 - 58% - 60% - 4:36
2 - 42% - 40% - 3:20
PK3 Forward
1 - 0% - 60%
2 - 0% - 40%
PK3 Defense
1 - 0% - 60%
2 - 0% - 40%
44 Forward
1 - 0% - 60%
2 - 0% - 40%
44 Defense
1 - 0% - 60%
2 - 0% - 40%
Last Minute Offensive - 0:00
Last Minute Defensive - 0:00
Total
Forward - 60:00
Defense - 60:00
|
% Time on Ice - Harfangs
Lines # - Real PCT - Wanted PCT - Time Play
Normal Forward
1 - 35% - 40% - 15:44
2 - 28% - 30% - 12:36
3 - 20% - 20% - 9:06
4 - 18% - 10% - 8:01
Normal Defense
1 - 37% - 40% - 16:59
2 - 36% - 30% - 16:09
3 - 24% - 20% - 10:58
4 - 3% - 10% - 1:21
PP Forward
1 - 55% - 60% - 4:20
2 - 45% - 40% - 3:36
PP Defense
1 - 60% - 60% - 4:44
2 - 40% - 40% - 3:12
PK Forward
1 - 72% - 60% - 4:46
2 - 28% - 40% - 1:51
PK Defense
1 - 62% - 60% - 4:05
2 - 38% - 40% - 2:32
PK3 Forward
1 - 0% - 60%
2 - 0% - 40%
PK3 Defense
1 - 0% - 60%
2 - 0% - 40%
44 Forward
1 - 0% - 60%
2 - 0% - 40%
44 Defense
1 - 0% - 60%
2 - 0% - 40%
Last Minute Offensive - 0:00
Last Minute Defensive - 0:00
Total
Forward - 60:00
Defense - 60:00
|
Play by Play
1st period
0:01 of 1st period - Miro Aaltonen wins face-off versus Andreas Martinsen in neutral zone.
0:15 of 1st period - Wrist shot by Michael Raffl.
0:15 of 1st period - Stopped by Zachary Fucale with a rebound.
0:27 of 1st period - Michael Matheson is hit by Dylan Olsen and loses puck.
0:52 of 1st period - Wrist shot by Linden Vey.
0:52 of 1st period - Shot Misses the Net.
1:16 of 1st period - Snap shot by A.J. Jenks.
1:16 of 1st period - Deflect By Brendan Gaunce.
1:16 of 1st period - Deflect By Brenden Kichton.
1:16 of 1st period - Shot Misses the Net.
1:16 of 1st period - Puck is out of play.
1:17 of 1st period - Cody Eakin wins face-off versus Miro Aaltonen in Harfangs zone.
1:28 of 1st period - Snap shot by Cody Eakin.
1:28 of 1st period - Stopped by Ben Scrivens without a rebound.
1:29 of 1st period - Calle Jarnkrok wins face-off versus Miro Aaltonen in Knights zone.
1:38 of 1st period - Wrist shot by Tomas Kubalik.
1:38 of 1st period - Stopped by Ben Scrivens with a rebound.
1:40 of 1st period - Wrist shot by Dylan Olsen.
1:40 of 1st period - Shot Blocked by Collin Miller.
1:42 of 1st period - Slapshot by Victor Bartley.
1:42 of 1st period - Shot Blocked by Matthew Benning.
1:50 of 1st period - Minor Penalty to Matthew Benning for Delaying the game.
1:51 of 1st period - Linden Vey wins face-off versus Cody Eakin in Knights zone.
1:51 of 1st period - Linden Vey is hit by Dylan Olsen.
2:35 of 1st period - Noel Acciari is hit by Calle Jarnkrok and loses puck.
3:36 of 1st period - Noel Acciari is hit by Jimmy Hayes and loses puck.
3:50 of 1st period - Penalty to Matthew Benning is over, Matthew Benning is back on ice.
3:56 of 1st period - Slapshot by Victor Bartley.
3:56 of 1st period - Shot Misses the Net.
4:04 of 1st period - A.J. Jenks is hit by Colton Sissons and loses puck.
5:12 of 1st period - Icing by Tom Wilson.
5:13 of 1st period - Colton Sissons wins face-off versus Miro Aaltonen in Knights zone.
5:14 of 1st period - Snap shot by Brendan Leipsic.
5:14 of 1st period - Stopped by Ben Scrivens with a rebound.
5:16 of 1st period - Slapshot by Brenden Kichton.
5:16 of 1st period - Stopped by Ben Scrivens with a rebound.
5:22 of 1st period - Backhand shot by Brendan Leipsic.
5:22 of 1st period - Stopped by Ben Scrivens with a rebound.
5:24 of 1st period - Snap shot by Colton Sissons.
5:24 of 1st period - Stopped by Ben Scrivens with a rebound.
5:34 of 1st period - Michael Raffl is hit by Tomas Kubalik and loses puck.
6:13 of 1st period - Wrist shot by Tomas Kubalik.
6:13 of 1st period - Shot Misses the Net.
6:33 of 1st period - Wrist shot by Calle Jarnkrok.
6:33 of 1st period - Shot Misses the Net.
6:35 of 1st period - Snap shot by Calle Jarnkrok.
6:35 of 1st period - Stopped by Ben Scrivens with a rebound.
6:43 of 1st period - Wrist shot by Tomas Kubalik.
6:43 of 1st period - Deflect By Jaccob Slavin.
6:43 of 1st period - Shot Misses the Net.
6:43 of 1st period - Puck is out of play.
6:44 of 1st period - Cody Eakin wins face-off versus Noel Acciari in Knights zone.
6:58 of 1st period - Wrist shot by Josh Bailey.
6:58 of 1st period - Shot Blocked by Dylan Olsen.
7:10 of 1st period - Michael Matheson is hit by Nick Sorensen and loses puck.
7:18 of 1st period - Off-side.
7:19 of 1st period - Brendan Gaunce wins face-off versus Cody Eakin in neutral zone.
7:26 of 1st period - Snap shot by Jimmy Hayes.
7:26 of 1st period - Deflect By Andreas Martinsen.
7:26 of 1st period - Stopped by Ben Scrivens with a rebound.
7:28 of 1st period - Snap shot by Andreas Martinsen.
7:28 of 1st period - Shot Misses the Net.
7:30 of 1st period - Wrist shot by Andreas Martinsen.
7:30 of 1st period - Stopped by Ben Scrivens with a rebound.
7:34 of 1st period - Snap shot by Cody Eakin.
7:34 of 1st period - Stopped by Ben Scrivens with a rebound.
7:46 of 1st period - Brenden Kichton is hit by Josh Bailey and loses puck.
7:53 of 1st period - Wrist shot by Josh Bailey.
7:53 of 1st period - Shot Misses the Net.
8:21 of 1st period - A.J. Jenks is hit by Colton Sissons and loses puck.
8:34 of 1st period - Jared Spurgeon is hit by Jimmy Hayes and loses puck.
9:19 of 1st period - Minor Penalty to Blake Heinrich for Holding Stick.
9:20 of 1st period - Miro Aaltonen wins face-off versus Cody Eakin in Harfangs zone.
9:21 of 1st period - Wrist shot by Michael Raffl.
9:21 of 1st period - Deflect By Dylan Olsen.
9:21 of 1st period - Stopped by Zachary Fucale without a rebound.
9:22 of 1st period - Miro Aaltonen wins face-off versus Jimmy Hayes in Harfangs zone.
10:08 of 1st period - Off-side.
10:09 of 1st period - Miro Aaltonen wins face-off versus Brandon Pirri in neutral zone.
10:37 of 1st period - Snap shot by Jonathan Drouin.
10:37 of 1st period - Shot Misses the Net.
10:39 of 1st period - Slapshot by Collin Miller.
10:39 of 1st period - Shot Misses the Net.
11:19 of 1st period - Penalty to Blake Heinrich is over, Blake Heinrich is back on ice.
11:53 of 1st period - Wrist shot by Brandon Saad.
11:53 of 1st period - Stopped by Ben Scrivens with a rebound.
12:05 of 1st period - Rinat Valiev is hit by Jonathan Drouin and loses puck.
13:09 of 1st period - Blake Heinrich is hit by Jordan Martinook and loses puck.
13:54 of 1st period - Snap shot by Jimmy Hayes.
13:54 of 1st period - Shot Misses the Net.
13:56 of 1st period - Snap shot by Jimmy Hayes.
13:56 of 1st period - Goal by Jimmy Hayes - Knights : 0 - Harfangs : 1.
13:57 of 1st period - Cody Eakin wins face-off versus Miro Aaltonen in neutral zone.
14:07 of 1st period - Snap shot by Jimmy Hayes.
14:07 of 1st period - Stopped by Ben Scrivens without a rebound.
14:08 of 1st period - Noel Acciari wins face-off versus Cody Eakin in Knights zone.
14:55 of 1st period - Calle Jarnkrok is hit by Zach Trotman and loses puck.
14:59 of 1st period - Icing by Brenden Kichton.
15:00 of 1st period - Noel Acciari wins face-off versus Brandon Saad in Harfangs zone.
15:34 of 1st period - Wrist shot by Pavel Buchnevich.
15:34 of 1st period - Stopped by Zachary Fucale with a rebound.
15:36 of 1st period - Slapshot by Jared Spurgeon.
15:36 of 1st period - Stopped by Zachary Fucale with a rebound.
15:46 of 1st period - Snap shot by Cody Eakin.
15:46 of 1st period - Shot Blocked by Jaccob Slavin.
15:52 of 1st period - Snap shot by Jordan Martinook.
15:52 of 1st period - Stopped by Zachary Fucale with a rebound.
16:10 of 1st period - Snap shot by Colton Sissons.
16:10 of 1st period - Shot Misses the Net.
16:58 of 1st period - Snap shot by Michael Raffl.
16:58 of 1st period - Shot Misses the Net.
17:00 of 1st period - Snap shot by Miro Aaltonen.
17:00 of 1st period - Deflect By Pavel Buchnevich.
17:00 of 1st period - Stopped by Zachary Fucale with a rebound.
17:14 of 1st period - Wrist shot by Boone Jenner.
17:14 of 1st period - Deflect By Brandon Pirri.
17:14 of 1st period - Stopped by Ben Scrivens with a rebound.
17:18 of 1st period - Slapshot by Brandon Pirri.
17:18 of 1st period - Shot Blocked by Jordan Martinook.
17:32 of 1st period - Wrist shot by Colton Sissons.
17:32 of 1st period - Goal by Colton Sissons - Knights : 0 - Harfangs : 2.
17:33 of 1st period - Miro Aaltonen wins face-off versus Cody Eakin in neutral zone.
17:38 of 1st period - Slapshot by Jared Spurgeon.
17:38 of 1st period - Stopped by Zachary Fucale without a rebound.
17:39 of 1st period - Miro Aaltonen wins face-off versus Jimmy Hayes in Harfangs zone.
17:54 of 1st period - Slapshot by Jimmy Hayes.
17:54 of 1st period - Shot Misses the Net.
18:10 of 1st period - Wrist shot by Valentin Zykov.
18:10 of 1st period - Stopped by Zachary Fucale with a rebound.
18:12 of 1st period - Slapshot by Valentin Zykov.
18:12 of 1st period - Stopped by Zachary Fucale without a rebound.
18:13 of 1st period - Josh Bailey wins face-off versus Calle Jarnkrok in Harfangs zone.
18:26 of 1st period - Wrist shot by Tomas Kubalik.
18:26 of 1st period - Stopped by Ben Scrivens without a rebound.
18:27 of 1st period - Miro Aaltonen wins face-off versus Cody Eakin in Knights zone.
19:16 of 1st period - Calle Jarnkrok is hit by Linden Vey and loses puck.
19:52 of 1st period - Minor Penalty to Jared Spurgeon for Roughing.
19:53 of 1st period - Cody Eakin wins face-off versus Linden Vey in Knights zone.
Goals for this period are 0 for Knights vs 2 for Harfangs.
Shots for this period are 9 for Knights vs 16 for Harfangs.
2nd period
0:01 of 2nd period - Cody Eakin wins face-off versus Linden Vey in neutral zone.
1:52 of 2nd period - Penalty to Jared Spurgeon is over, Jared Spurgeon is back on ice.
2:13 of 2nd period - Jared Spurgeon is hit by Dylan Olsen and loses puck.
2:28 of 2nd period - Snap shot by Linden Vey.
2:28 of 2nd period - Stopped by Zachary Fucale with a rebound.
2:32 of 2nd period - Slapshot by Linden Vey.
2:32 of 2nd period - Stopped by Zachary Fucale with a rebound.
3:27 of 2nd period - Brandon Saad is hit by Jaccob Slavin and loses puck.
3:40 of 2nd period - Rinat Valiev is hit by Jordan Martinook and loses puck.
4:05 of 2nd period - Rinat Valiev is hit by Tom Wilson.
5:04 of 2nd period - Brendan Leipsic is hit by Pavel Buchnevich and loses puck.
5:15 of 2nd period - Tom Wilson is hit by Andreas Martinsen and loses puck.
5:46 of 2nd period - Wrist shot by Jonathan Drouin.
5:46 of 2nd period - Stopped by Zachary Fucale with a rebound.
6:21 of 2nd period - Linden Vey is hit by Jimmy Hayes.
6:31 of 2nd period - Wrist shot by Noel Acciari.
6:31 of 2nd period - Goal by Noel Acciari - Knights : 1 - Harfangs : 2.
6:32 of 2nd period - Cody Eakin wins face-off versus Miro Aaltonen in neutral zone.
6:53 of 2nd period - Minor Penalty to Miro Aaltonen for Holding.
6:54 of 2nd period - Cody Eakin wins face-off versus Linden Vey in Knights zone.
8:53 of 2nd period - Penalty to Miro Aaltonen is over, Miro Aaltonen is back on ice.
9:16 of 2nd period - Collin Miller is hit by Boone Jenner and loses puck.
9:23 of 2nd period - Snap shot by Brandon Pirri.
9:23 of 2nd period - Shot Misses the Net.
9:25 of 2nd period - Slapshot by Blake Heinrich.
9:25 of 2nd period - Stopped by Ben Scrivens with a rebound.
9:44 of 2nd period - Off-side.
9:45 of 2nd period - Boone Jenner wins face-off versus Brendan Gaunce in neutral zone.
9:58 of 2nd period - Wrist shot by Tom Wilson.
9:58 of 2nd period - Shot Misses the Net.
10:10 of 2nd period - Jordan Martinook is hit by Brandon Saad and loses puck.
10:32 of 2nd period - Off-side.
10:33 of 2nd period - Cody Eakin wins face-off versus Miro Aaltonen in neutral zone.
10:40 of 2nd period - Snap shot by Andreas Martinsen.
10:40 of 2nd period - Stopped by Ben Scrivens with a rebound.
11:02 of 2nd period - Snap shot by Linden Vey.
11:02 of 2nd period - Stopped by Zachary Fucale without a rebound.
11:03 of 2nd period - Jonathan Drouin wins face-off versus Calle Jarnkrok in Harfangs zone.
11:54 of 2nd period - Wrist shot by Andreas Martinsen.
11:54 of 2nd period - Goal by Andreas Martinsen - Knights : 1 - Harfangs : 3.
11:55 of 2nd period - Miro Aaltonen wins face-off versus Cody Eakin in neutral zone.
12:06 of 2nd period - Wrist shot by Jimmy Hayes.
12:06 of 2nd period - Shot Blocked by Pavel Buchnevich.
12:08 of 2nd period - Slapshot by Reid McNeill.
12:08 of 2nd period - Stopped by Ben Scrivens without a rebound.
12:09 of 2nd period - Cody Eakin wins face-off versus Noel Acciari in Knights zone.
12:18 of 2nd period - Wrist shot by Josh Bailey.
12:18 of 2nd period - Stopped by Zachary Fucale with a rebound.
12:20 of 2nd period - Slapshot by Michael Matheson.
12:20 of 2nd period - Shot Hit the Post.
12:34 of 2nd period - Jared Spurgeon is hit by Brandon Saad and loses puck.
14:05 of 2nd period - Slapshot by Jaccob Slavin.
14:05 of 2nd period - Stopped by Zachary Fucale with a rebound.
14:23 of 2nd period - Slapshot by Dylan Olsen.
14:23 of 2nd period - Stopped by Ben Scrivens with a rebound.
14:43 of 2nd period - Snap shot by Boone Jenner.
14:43 of 2nd period - Stopped by Ben Scrivens with a rebound.
14:45 of 2nd period - Wrist shot by Boone Jenner.
14:45 of 2nd period - Shot Misses the Net.
14:47 of 2nd period - Snap shot by Jujhar Khaira.
14:47 of 2nd period - Deflect By Brandon Pirri.
14:47 of 2nd period - Deflect By A.J. Jenks.
14:47 of 2nd period - Shot Blocked by Collin Miller.
14:47 of 2nd period - Puck is out of play.
14:48 of 2nd period - Jimmy Hayes wins face-off versus Miro Aaltonen in Knights zone.
15:02 of 2nd period - Off-side.
15:03 of 2nd period - Noel Acciari wins face-off versus Cody Eakin in neutral zone.
15:15 of 2nd period - Wrist shot by Josh Bailey.
15:15 of 2nd period - Shot Misses the Net.
15:17 of 2nd period - Slapshot by Michael Matheson.
15:17 of 2nd period - Stopped by Zachary Fucale without a rebound.
15:18 of 2nd period - Calle Jarnkrok wins face-off versus Miro Aaltonen in Harfangs zone.
15:31 of 2nd period - Michael Raffl is hit by Tomas Kubalik and loses puck.
15:54 of 2nd period - Slapshot by Jimmy Hayes.
15:54 of 2nd period - Deflect By Josh Bailey.
15:54 of 2nd period - Goal by Jimmy Hayes - Knights : 1 - Harfangs : 4.
15:55 of 2nd period - Miro Aaltonen wins face-off versus Cody Eakin in neutral zone.
16:06 of 2nd period - Snap shot by Michael Raffl.
16:06 of 2nd period - Shot Misses the Net.
16:08 of 2nd period - Snap shot by Michael Raffl.
16:08 of 2nd period - Stopped by Zachary Fucale with a rebound.
16:10 of 2nd period - Slapshot by Michael Matheson.
16:10 of 2nd period - Deflect By Miro Aaltonen.
16:10 of 2nd period - Stopped by Zachary Fucale without a rebound.
16:11 of 2nd period - Noel Acciari wins face-off versus Calle Jarnkrok in Harfangs zone.
16:14 of 2nd period - Slapshot by Jaccob Slavin.
16:14 of 2nd period - Shot Blocked by Victor Bartley.
16:23 of 2nd period - Minor Penalty to Valentin Zykov for High sticking.
16:24 of 2nd period - Linden Vey wins face-off versus Cody Eakin in Knights zone.
18:23 of 2nd period - Penalty to Valentin Zykov is over, Valentin Zykov is back on ice.
18:56 of 2nd period - Icing by Miro Aaltonen.
18:57 of 2nd period - Miro Aaltonen wins face-off versus Colton Sissons in Knights zone.
19:23 of 2nd period - Miro Aaltonen is hit by Blake Heinrich.
Goals for this period are 1 for Knights vs 2 for Harfangs.
Shots for this period are 10 for Knights vs 7 for Harfangs.
3rd period
0:01 of 3rd period - Noel Acciari wins face-off versus Andreas Martinsen in neutral zone.
0:05 of 3rd period - Minor Penalty to Victor Bartley for Hooking.
0:06 of 3rd period - Cody Eakin wins face-off versus Miro Aaltonen in Harfangs zone.
0:11 of 3rd period - Jaccob Slavin is hit by Cody Eakin and loses puck.
2:05 of 3rd period - Penalty to Victor Bartley is over, Victor Bartley is back on ice.
2:16 of 3rd period - Wrist shot by Colton Sissons.
2:16 of 3rd period - Deflect By Nick Sorensen.
2:16 of 3rd period - Shot Misses the Net.
2:16 of 3rd period - Puck is out of play.
2:17 of 3rd period - Brendan Gaunce wins face-off versus Calle Jarnkrok in Knights zone.
2:44 of 3rd period - Noel Acciari is hit by Jujhar Khaira and loses puck.
3:02 of 3rd period - Icing by Jaccob Slavin.
3:03 of 3rd period - Cody Eakin wins face-off versus Noel Acciari in Knights zone.
3:15 of 3rd period - Icing by Andreas Martinsen.
3:16 of 3rd period - Cody Eakin wins face-off versus Miro Aaltonen in Harfangs zone.
4:03 of 3rd period - Wrist shot by Colton Sissons.
4:03 of 3rd period - Stopped by Ben Scrivens with a rebound.
4:05 of 3rd period - Slapshot by Dylan Olsen.
4:05 of 3rd period - Shot Misses the Net.
4:07 of 3rd period - Slapshot by Colton Sissons.
4:07 of 3rd period - Deflect By Brendan Leipsic.
4:07 of 3rd period - Shot Misses the Net.
4:07 of 3rd period - Puck is out of play.
4:08 of 3rd period - Colton Sissons wins face-off versus Miro Aaltonen in Knights zone.
4:39 of 3rd period - Slapshot by Zach Trotman.
4:39 of 3rd period - Deflect By Andreas Martinsen.
4:39 of 3rd period - Stopped by Zachary Fucale without a rebound.
4:40 of 3rd period - Noel Acciari wins face-off versus Cody Eakin in Harfangs zone.
4:45 of 3rd period - Snap shot by Josh Bailey.
4:45 of 3rd period - Shot Misses the Net.
4:47 of 3rd period - Wrist shot by Valentin Zykov.
4:47 of 3rd period - Shot Misses the Net.
4:49 of 3rd period - Wrist shot by Noel Acciari.
4:49 of 3rd period - Goal by Noel Acciari - Knights : 2 - Harfangs : 4.
4:50 of 3rd period - Miro Aaltonen wins face-off versus Cody Eakin in neutral zone.
5:02 of 3rd period - Icing by Dylan Olsen.
5:03 of 3rd period - Cody Eakin wins face-off versus Miro Aaltonen in Harfangs zone.
5:26 of 3rd period - Wrist shot by Jimmy Hayes.
5:26 of 3rd period - Stopped by Ben Scrivens without a rebound.
5:27 of 3rd period - Calle Jarnkrok wins face-off versus Josh Bailey in Knights zone.
5:28 of 3rd period - Snap shot by Tomas Kubalik.
5:28 of 3rd period - Stopped by Ben Scrivens without a rebound.
5:29 of 3rd period - Noel Acciari wins face-off versus Calle Jarnkrok in Knights zone.
5:55 of 3rd period - Wrist shot by Zach Trotman.
5:55 of 3rd period - Stopped by Zachary Fucale without a rebound.
5:56 of 3rd period - Cody Eakin wins face-off versus Miro Aaltonen in Harfangs zone.
6:32 of 3rd period - Snap shot by Cody Eakin.
6:32 of 3rd period - Stopped by Ben Scrivens without a rebound.
6:33 of 3rd period - Calle Jarnkrok wins face-off versus Valentin Zykov in Knights zone.
7:43 of 3rd period - Snap shot by Tomas Kubalik.
7:43 of 3rd period - Shot Misses the Net.
7:45 of 3rd period - Wrist shot by Brandon Saad.
7:45 of 3rd period - Stopped by Ben Scrivens with a rebound.
7:47 of 3rd period - Snap shot by Calle Jarnkrok.
7:47 of 3rd period - Shot Misses the Net.
7:49 of 3rd period - Slapshot by Brenden Kichton.
7:49 of 3rd period - Deflect By Tomas Kubalik.
7:49 of 3rd period - Shot Misses the Net.
7:49 of 3rd period - Puck is out of play.
7:50 of 3rd period - Cody Eakin wins face-off versus Miro Aaltonen in Knights zone.
8:35 of 3rd period - Snap shot by Jordan Martinook.
8:35 of 3rd period - Stopped by Zachary Fucale with a rebound.
8:43 of 3rd period - Matthew Benning is hit by Colton Sissons and loses puck.
9:36 of 3rd period - Wrist shot by Colton Sissons.
9:36 of 3rd period - Shot Misses the Net.
9:38 of 3rd period - Slapshot by Dylan Olsen.
9:38 of 3rd period - Goal by Dylan Olsen - Knights : 2 - Harfangs : 5.
9:39 of 3rd period - Cody Eakin wins face-off versus Miro Aaltonen in neutral zone.
10:05 of 3rd period - Snap shot by Tom Wilson.
10:05 of 3rd period - Shot Blocked by Andreas Martinsen.
10:33 of 3rd period - Wrist shot by Jimmy Hayes.
10:33 of 3rd period - Stopped by Ben Scrivens with a rebound.
10:35 of 3rd period - Snap shot by Cody Eakin.
10:35 of 3rd period - Shot Misses the Net.
10:37 of 3rd period - Slapshot by Cody Eakin.
10:37 of 3rd period - Shot Misses the Net.
10:47 of 3rd period - Snap shot by Cody Eakin.
10:47 of 3rd period - Stopped by Ben Scrivens with a rebound.
10:49 of 3rd period - Slapshot by Jimmy Hayes.
10:49 of 3rd period - Stopped by Ben Scrivens with a rebound.
10:51 of 3rd period - Snap shot by Brenden Kichton.
10:51 of 3rd period - Shot Misses the Net.
11:16 of 3rd period - Snap shot by Cody Eakin.
11:16 of 3rd period - Stopped by Ben Scrivens with a rebound.
11:18 of 3rd period - Wrist shot by Reid McNeill.
11:18 of 3rd period - Shot Blocked by Jaccob Slavin.
11:20 of 3rd period - Wrist shot by Jimmy Hayes.
11:20 of 3rd period - Shot Misses the Net.
11:22 of 3rd period - Slapshot by Brenden Kichton.
11:22 of 3rd period - Stopped by Ben Scrivens with a rebound.
11:24 of 3rd period - Wrist shot by Cody Eakin.
11:24 of 3rd period - Shot Misses the Net.
11:26 of 3rd period - Snap shot by Jimmy Hayes.
11:26 of 3rd period - Shot Blocked by Zach Trotman.
11:28 of 3rd period - Snap shot by Jimmy Hayes.
11:28 of 3rd period - Stopped by Ben Scrivens with a rebound.
11:30 of 3rd period - Wrist shot by Cody Eakin.
11:30 of 3rd period - Stopped by Ben Scrivens with a rebound.
11:32 of 3rd period - Slapshot by Jimmy Hayes.
11:32 of 3rd period - Stopped by Ben Scrivens without a rebound.
11:33 of 3rd period - Calle Jarnkrok wins face-off versus Miro Aaltonen in Knights zone.
12:05 of 3rd period - Wrist shot by Jujhar Khaira.
12:05 of 3rd period - Shot Misses the Net.
12:19 of 3rd period - Snap shot by Brendan Leipsic.
12:19 of 3rd period - Goal by Brendan Leipsic - Knights : 2 - Harfangs : 6.
12:20 of 3rd period - Miro Aaltonen wins face-off versus Calle Jarnkrok in neutral zone.
12:37 of 3rd period - Matthew Benning is hit by Tomas Kubalik and loses puck.
13:11 of 3rd period - Jordan Martinook is hit by Colton Sissons and loses puck.
14:24 of 3rd period - Minor Penalty to Brendan Leipsic for Slashing.
14:25 of 3rd period - Miro Aaltonen wins face-off versus Jimmy Hayes in Harfangs zone.
16:12 of 3rd period - Jared Spurgeon is hit by Brandon Pirri and loses puck.
16:24 of 3rd period - Penalty to Brendan Leipsic is over, Brendan Leipsic is back on ice.
16:34 of 3rd period - Brendan Leipsic is hit by A.J. Jenks.
16:40 of 3rd period - Snap shot by Boone Jenner.
16:40 of 3rd period - Shot Misses the Net.
19:19 of 3rd period - Minor Penalty to Brenden Kichton for Roughing.
19:20 of 3rd period - Miro Aaltonen wins face-off versus Cody Eakin in Harfangs zone.
19:46 of 3rd period - Reid McNeill is hit by Josh Bailey and loses puck.
Goals for this period are 1 for Knights vs 2 for Harfangs.
Shots for this period are 4 for Knights vs 15 for Harfangs.
Back to the Top